 Dungeon Crawl Stone Soup version 0.30-a0-800-g7c544603b3 (webtiles) character file.

Game seed: 12849308484275236967

71 Aneyh the Trooper (level 4, -1/31 HPs)
             Began as a Tengu Monk on Feb 22, 2023.
             Succumbed to Sigmund's poison
             ... on level 2 of the Dungeon.
             The game lasted 00:02:28 (1807 turns).

Aneyh the Trooper (Tengu Monk)                      Turns: 1807, Time: 00:02:28

Health: -1/31      AC:  8    Str: 15    XL:     4   Next: 24%
Magic:  23/23      EV: 10    Int: 15    God:
Gold:   177        SH:  0    Dex: 17    Spells: 3/3 levels left

rFire   + + +      SeeInvis .    m - +5 hand axe "Dieggox" {pain, rF+ MP+9 Str+2 Int+5}
rCold   x . .      Faith    .    (no shield)
rNeg    . . .      Spirit   .    k - +0 fire dragon scales
rPois   .          Reflect  .    (helmet restricted)
rElec   .          Harm     .    (no cloak)
rCorr   .          Rampage  .    (no gloves)
Will    .....                    (boots unavailable)
Stlth   +                        (no amulet)
HPRegen 0.25/turn                i - ring of magical power
MPRegen 0.18/turn                (no ring)

@: lethally poisoned (-1 -> -21)
A: beak, talons 3
a: no special abilities


You were on level 2 of the Dungeon.
You visited 1 branch of the dungeon, and saw 2 of its levels.

You collected 177 gold pieces.

Inventory:

Hand Weapons
 a - a +0 spear
 m - the +5 hand axe "Dieggox" (weapon) {pain, rF+ MP+9 Str+2 Int+5}
   (You found it on level 2 of the Dungeon)

   Str:       It affects your strength (+2).
   Int:       It affects your intelligence (+5).
   rF:        It protects you from fire.
   MP:        It affects your magic capacity (+9).
Armour
 b - a +0 robe
 k - +0 fire dragon scales (worn)
Jewellery
 i - a ring of magical power (left hand)
Scrolls
 d - 4 scrolls of identify {unknown}
 e - a scroll of teleportation {unknown}
 f - a scroll of amnesia {unknown}
 g - a scroll of enchant armour {unknown}
 o - 2 scrolls of noise {unknown}
Potions
 c - a potion of ambrosia
 h - a potion of lignification {unknown}
 j - 2 potions of curing {unknown}
 l - a potion of heal wounds {unknown}
 n - a potion of flight {unknown}
 p - a potion of invisibility {unknown}


   Skills:
 + Level 5.0 Fighting
 - Level 3.2 Polearms
 - Level 3.2 Dodging
 - Level 2.0 Stealth


You had 3 spell levels left.
You didn't know any spells.
Your spell library was empty.

Dungeon Overview and Level Annotations

Branches:
Dungeon (2/15)

Altars:
Sif Muna

Annotations:
D:2 Sigmund


Innate Abilities, Weirdness & Mutations

You have a beak for a mouth.
You have claws for feet.


Message History

Sigmund is heavily wounded.
Sigmund gestures at you while chanting.
You are confused.
Sigmund hits you from afar with a +2 scythe of venom.
You are poisoned.
Okay, then.
You feel sick. Sigmund closely misses you.
You bump into the rock wall.
You feel sick.
You bump into the rock wall.
You feel sick.
Sigmund hits you with a +2 scythe of venom!
You are more poisoned.
You closely miss Sigmund.
Sigmund is heavily wounded.
You feel less confused.
You feel very sick. Sigmund hits you but does no damage.
You are lethally poisoned!
You are confused.
You feel invigorated.
You feel very sick.
You bump into the rock wall.
You feel very sick. Sigmund barely misses you.
You hit Sigmund.
Sigmund is heavily wounded.
You feel very sick.
Sigmund hits you with a +2 scythe of venom.
You bump into the rock wall.
You feel sick.
You bump into the rock wall.
You feel less invigorated.
You feel less confused.
You feel sick. Sigmund closely misses you.
You barely miss Sigmund.
Sigmund is heavily wounded.
You feel sick.
Sigmund hits you with a +2 scythe of venom!
* * * LOW HITPOINT WARNING * * *
You are lethally poisoned!
You hit Sigmund. You peck Sigmund, but do no damage.
Sigmund is severely wounded.
You die...

#.##.#.# ##+##
#......# ##...#
####.### ##.....
##.######......
##..............
#...............
#......_........
#####.#.#...........
#..@@..##...........
#>###..####....#...#
#.# #..# #######+##
#.###..# #.#
#.##...####### #.#
#.##.........# ##.##
#.##...#####.###...#
#.##...# #.##.....
#......#####.###...#


You could see Sigmund.

Vanquished Creatures
  Jessica (D:2)
  An adder (D:2)
  2 dart slugs
  2 bats
  5 endoplasms
  A giant cockroach (D:1)
  3 goblins (D:1)
  2 hobgoblins (D:1)
  3 quokkas (D:1)
  2 ball pythons (D:1)
  A frilled lizard (D:1)
  5 kobolds
  2 rats
30 creatures vanquished.

Notes
Turn   | Place    | Note
-------+----------+-------------------------------------------
     0 | D:1      | Aneyh the Tengu Monk began the quest for the Orb.
     0 | D:1      | Reached XP level 1. HP: 14/14 MP: 2/2
   117 | D:1      | Reached XP level 2. HP: 19/19 MP: 3/3
   389 | D:1      | Reached skill level 4 in Fighting
   475 | D:1      | Reached XP level 3. HP: 19/24 MP: 4/4
  1192 | D:2      | Noticed Jessica
  1199 | D:2      | Killed Jessica
  1284 | D:2      | Reached XP level 4. HP: 30/30 MP: 5/5
  1315 | D:2      | Identified the +5 hand axe "Dieggox" {pain, rF+ MP+9 Str+2
                  | Int+5}
  1532 | D:2      | Reached skill level 5 in Fighting
  1534 | D:2      | Found a shimmering blue altar of Sif Muna.
  1571 | D:2      | Noticed Sigmund
  1807 | D:2      | Succumbed to Sigmund's poison

Illustrated notes

Levels and vault maps discovered:
D:1:      scummos_arrival_star, layout_basic, minmay_split_cup_small
D:2:      layout_loops_corners, basic_altar, minmay_misc_feat_encased,
          uniq_jessica, uniq_sigmund

Skill      XL: |  1  2  3  4 |
---------------+-------------+-----
Fighting       | 4 5 |  5.0
Polearms       | |  3.2
Dodging        | |  3.2
Stealth        | |  2.0

Action                     |  1- 3 |  4- 6 || total
---------------------------+-------+-------++-------
  Melee: Spear             |    71 |     7 ||    78
         Kick              |    15 |     5 ||    20
         Peck              |     7 |     4 ||    11
         Hand axe          |       |    13 ||    13
    Use: Potion            |       |     1 ||     1
   Stab: Sleeping          |     3 |       ||     3
 Armour: Robe              |     5 |       ||     5
         Fire dragon scale |       |     5 ||     5
  Dodge: Dodged            |    27 |    12 ||    39

Table legend: (Time is in decaauts)
 A = Elapsed time spent in this place.
 B = Non-inter-level travel time spent in this place.
 C = Inter-level travel time spent in this place.
 D = Time resting spent in this place.
 E = Time spent auto-exploring this place.
 F = Levels seen in this place.
 G = Mean time per level.
                   A        B        C        D        E       F      G
               +--------+--------+--------+--------+--------+-----+--------+
         Total |   1803 |   1713 |     90 |    159 |   1263 |   2 |  901.5 |
       Dungeon |   1803 |   1713 |     90 |    159 |   1263 |   2 |  901.5 |
               +--------+--------+--------+--------+--------+-----+--------+

Top non-repeatable levels by time:
     D:1: 940 daAuts
     D:2: 863 daAuts
